 Dungeon Crawl Stone Soup version 0.23-a0-305-g7ffd15e (webtiles) character file.

54 namelastname112 the Chiller (level 3, 0/30 HPs)
             Began as a Draconian Wanderer on Oct 9, 2018.
             Succumbed to an adder's poison
             ... on level 2 of the Dungeon.
             The game lasted 00:02:21 (1494 turns).

namelastname112 the Chiller (Draconian Wanderer)    Turns: 1494, Time: 00:02:22

Health: 0/30       AC:  5    Str: 20    XL:     3   Next: 66%
Magic:  6/6        EV: 12    Int: 12    God:
Gold:   103        SH:  0    Dex: 10    Spells: 6/6 levels left

rFire    . . .     SeeInvis .   a - +2 dagger
rCold    + . .     Gourm    .   (no shield)
rNeg     . . .     Faith    .   (armour unavailable)
rPois    .         Spirit   .   (helmet restricted)
rElec    .         Reflect  .   (no cloak)
rCorr    .         Harm     .   (no gloves)
MR       .....                  (no boots)
Stlth    ++........             (no amulet)
HPRegen  0.10/turn              m - ring of protection from cold
MPRegen  0.10/turn              (no ring)

@: mighty, lethally poisoned (0 -> -6), berserk cooldown, slowed, very slow
A: unfitting armour, cold-blooded, AC +5
a: no special abilities


You were on level 2 of the Dungeon.
You were not hungry.

You visited 1 branch of the dungeon, and saw 2 of its levels.

You collected 103 gold pieces.

Inventory:

Hand Weapons
 a - a +2 dagger (weapon)
Jewellery
 m - a ring of protection from cold (left hand)
Scrolls
 b - a scroll of fear
 d - 2 scrolls of amnesia {unknown}
 e - 4 scrolls of remove curse {unknown}
 h - a scroll of magic mapping {unknown}
 i - 2 scrolls of identify {unknown}
 j - 2 scrolls of enchant weapon {unknown}
 n - a scroll of teleportation {unknown}
Potions
 c - 2 potions of berserk rage
 k - a potion of lignification {unknown}
 l - a potion of ambrosia {unknown}
Comestibles
 f - 4 rations


   Skills:
 + Level 2.7 Fighting
 + Level 1.9 Dodging
 - Level 2.9 Stealth
 - Level 1.0 Unarmed Combat
 - Level 2.0 Spellcasting
   Level 3.0 Ice Magic


You had 6 spell levels left.
You didn't know any spells.
Your spell library contained the following spells:

 Spells                   Type           Power        Failure   Level  Hunger
 Apportation              Tloc           #.....       26%         1    ##.....
 Sting                    Conj/Pois      #...         26%         1    ##.....
 Stone Arrow              Conj/Erth      #.....       63%         3    ####...
 Teleport Other           Tloc           #.......     63%         3    ####...


Dungeon Overview and Level Annotations

Branches:
Dungeon (2/15)

Altars:
Ashenzari
The Shining One


Innate Abilities, Weirdness & Mutations

Your plain brown scales are hard. (AC +5)
You cannot fit into any form of body armour.
You are cold-blooded and may be slowed by cold attacks.


Message History

* * * LOW HITPOINT WARNING * * *
You feel sick.
You see here an adder corpse.
You take 1 damage, and have 2/45 hp.
You butcher the adder corpse.
You feel a strong urge to attack something.
Things that are here:
a chunk of flesh; an adder skeleton Eat a chunk of flesh? (ye/n/q)
You eat the chunk of flesh.
This raw flesh tastes terrible.
* * * LOW HITPOINT WARNING * * *
You feel sick.
You take 1 damage, and have 1/45 hp.
You feel your anger nearly subside.
You are no longer berserk.
You are exhausted.
You feel yourself slow down.
You now have 1/30 hp.
It was a potion of might.
You feel very mighty all of a sudden.
You die...

#.##..#.# #.#
#.......#### ##.##
####.......# ##...##
#..####.# #.....#
#...####.# ##...##
#.#....#.#####.########
#...##.................
###.####.##############
#...@รท.# ########


There were no monsters in sight!

Vanquished Creatures
  2 adders (D:2)
  An ooze (D:1)
  2 leopard geckos
  4 bats
  11 giant cockroaches
  2 hobgoblins (D:1)
  A ball python (D:1)
  3 goblins
  3 rats
29 creatures vanquished.

Notes
Turn   | Place    | Note
-------+----------+-------------------------------------------
     0 | D:1      | namelastname112 the Draconian Wanderer began the quest for
                  | the Orb.
     0 | D:1      | namelastname112 set off with: a +2 dagger, a scroll of
                  | fear, a ration
     0 | D:1      | Reached XP level 1. HP: 16/16 MP: 3/3
   176 | D:1      | Reached XP level 2. HP: 22/23 MP: 5/5
   316 | D:1      | Reached skill level 1 in Dodging
   735 | D:2      | Reached XP level 3. HP: 27/29 MP: 6/6
   997 | D:2      | Found a shattered altar of Ashenzari.
  1034 | D:2      | Found a glowing golden altar of the Shining One.
  1490 | D:2      | HP: 2/45 [poisoned by an adder]
  1494 | D:2      | Succumbed to an adder's poison

Vault maps used:
D:1:      lightli_iron_boxes
D:2:      minmay_roachtagon, old_standard_altar, nicolae_ashenzari_panopticon

Skill      XL: |  1  2 |
---------------+-------+-----
Dodging        | 1 |  1.9
Fighting       | 2 |  2.7
Stealth        | |  2.9
Unarmed Combat | |  1.0
Spellcasting   | |  2.0
Ice Magic      | |  3.0

Action                   || total
-------------------------++-------
Melee: Dagger            ||   122
       Tailslap          ||    11
  Use: Potion            ||     2
 Stab: Sleeping          ||     4
  Eat: Chunk             ||     2
Armor: Skin              ||    42
Dodge: Dodged            ||    88

Table legend:
 A = Non-vault XP
 B = Vault XP
 C = Vault XP percentage of total XP
 D = Non-vault monster count
 E = Vault monster count
 F = Vault count percentage of total count
                 A         B        C        D         E       F
            +---------+---------+-------+---------+---------+-------
      Total |      60 |      18 |  23.1 |      20 |       9 |  31.0
            +---------+---------+-------+---------+---------+-------
        D:1 |      24 |       0 |   0.0 |      12 |       0 |   0.0
        D:2 |      36 |      18 |  33.3 |       8 |       9 |  52.9
            +---------+---------+-------+---------+---------+-------
